 Dungeon Crawl Stone Soup version 0.25-a0-10-g2fe12d4386 (webtiles) character file.

Game seed: 3518340110797709587, levelgen mode: deterministic

7 MalarOregon the Conjurer (level 1, -2/15 HPs)
             Began as a Draconian Conjurer on Oct 15, 2019.
             Slain by Natasha (5 damage)
             ... on level 1 of the Dungeon.
             The game lasted 00:01:17 (855 turns).

MalarOregon the Conjurer (Draconian Conjurer)        Turns: 855, Time: 00:01:18

Health: -2/15      AC:  4    Str: 10    XL:     1   Next: 91%
Magic:  1/3        EV: 12    Int: 15    God:
Gold:   10         SH:  0    Dex: 11    Spells: 3/4 levels left

rFire    . . .     SeeInvis .   f - +0 dagger
rCold    . . .     Gourm    .   (no shield)
rNeg     + . .     Faith    .   (armour unavailable)
rPois    .         Spirit   .   (helmet restricted)
rElec    .         Reflect  .   (no cloak)
rCorr    .         Harm     .   (no gloves)
MR       .....                  (no boots)
Stlth    ++........             (no amulet)
HPRegen  0.05/turn              b - ring of positive energy
MPRegen  0.08/turn              (no ring)

@: slowed, very slow
A: unfitting armour, cold-blooded, AC +4
a: no special abilities


You were on level 1 of the Dungeon.
You were not hungry.

You visited 1 branch of the dungeon, and saw 2 of its levels.

You collected 10 gold pieces.

Inventory:

Hand Weapons
 f - a +0 dagger (weapon)
   (You took it off a goblin on level 1 of the Dungeon)
Jewellery
 b - a ring of positive energy (left hand)
   (You found it on level 1 of the Dungeon)
Scrolls
 a - a scroll of remove curse {unknown}
 i - a scroll of teleportation {unknown}
Potions
 c - 2 potions of curing {unknown}
 g - a potion of invisibility {unknown}
 h - 2 potions of agility {unknown}
Comestibles
 e - 2 rations {!d}


   Skills:
 * Level 0.7 Fighting
 * Level 0.3 Short Blades
 * Level 2.0 Dodging
 - Level 1.7 Stealth
 + Level 2.0 Spellcasting
 + Level 4.0 Conjurations


You had 3 spell levels left.
You knew the following spells:

 Your Spells              Type           Power        Failure   Level  Hunger
a - Magic Dart            Conj           ##..         4%          1    #......

Your spell library contained the following spells:

 Spells                   Type           Power        Failure   Level  Hunger
 Searing Ray              Conj           ##....       6%          2    ###....
 Dazzling Spray           Conj/Hex       #.....       28%         3    ###....
 Iskenderun's Mystic Bla  Conj           ##......     38%         4    #####..
 Force Lance              Conj/Tloc      #.......     67%         4    #####..
 Fulminant Prism          Conj/Hex       #.........   67%         4    #####..


Dungeon Overview and Level Annotations

Branches:
Dungeon (2/15)

Altars:

Annotations:
D:1 Natasha


Innate Abilities, Weirdness & Mutations

Your plain brown scales are hard. (AC +4)
You cannot fit into any form of body armour.
You are cold-blooded and may be slowed by cold attacks.


Message History

All of the chunks of flesh in your inventory have rotted away.
Key pressed, stopping explore.
There is a stone staircase leading down here.
There is an open door here.
You open the door.
There is an open door here.
Found a stone staircase leading down.
There is a stone staircase leading down here.
You open the door.
There is an open door here.
Found 25 bolts.
You see here 25 bolts.
Done exploring.
Done exploring.
Done exploring.
Search for what [? for help]? .
There is an open door here.
There is a stone staircase leading down here.
You climb downwards.
Natasha, Servant of Life and Death comes into view.
Found four items.
There is a stone staircase leading up here.
Aim: Natasha (resting)
The magic dart hits Natasha but does no damage.
Aim: Natasha The magic dart hits Natasha.
Natasha barely misses you.
Aim: Natasha (lightly wounded)
The magic dart hits Natasha.
Natasha claws you! Natasha claws you.
* * * LOW HITPOINT WARNING * * *
You climb upwards.
There is a stone staircase leading down here.
Unknown command.
You hit Natasha. Natasha closely misses you.
You hit Natasha.
Natasha casts a spell.
You hit Natasha but do no damage.
Natasha mumbles some strange words.
Natasha shimmers violently.
Natasha casts a spell at you. The magic dart hits you.
* * * LOW HITPOINT WARNING * * *
You hit Natasha but do no damage.
Natasha stares at you and mumbles some strange words.
You feel yourself slow down.
The white imp laughs crazily.
You miss Natasha. You tail-slap Natasha. Natasha misses you.
Unknown command.
You barely miss Natasha. Natasha claws you.
You die...

#(######.#'####....#####'#.
#..................#.......
########........#'##.......
#........#.##.......
########'######'##.......
#......#.# #....#.......
#.####.#5# #....######## #.#
#.#h# #....'....... #.#
#.#@# #....########
#.####.#.#####...........
#.#....#.....'.........##
#.#.####.#####......)..##
#.#.#....#...............
####.#.#.##.#.##.....#######
#....#.#.##.#.##.....# #####
#.####.#.##.####>....# #....
#.##...........#.....# #....


You could see Natasha and a white imp.

Vanquished Creatures
  A dart slug (D:1)
  3 goblins (D:1)
  2 rats (D:1)
6 creatures vanquished.

Notes
Turn   | Place    | Note
-------+----------+-------------------------------------------
     0 | D:1      | MalarOregon the Draconian Conjurer began the quest for the
                  | Orb.
     0 | D:1      | Reached XP level 1. HP: 14/14 MP: 3/3
   844 | D:2      | Noticed Natasha
   855 | D:1      | Slain by Natasha

Levels and vault maps discovered:
D:1:      erik_arrival_cave_to_civilisation [erik_arrival_cave_to_hall],
          layout_basic
D:2:      layout_rooms, nrook_campfire, uniq_natasha

Skill      XL: |  1 |
---------------+----+-----
Dodging        | 2 |  2.0
Fighting       | |  0.7
Short Blades   | |  0.3
Stealth        | |  1.7
Spellcasting   | |  2.0
Conjurations   | |  4.0

Action                   || total
-------------------------++-------
Melee: Dagger            ||    16
       Tailslap          ||     3
 Cast: Magic Dart        ||     6
Armor: Skin              ||     1
Dodge: Dodged            ||     9

Table legend:
 A = Non-vault XP
 B = Vault XP
 C = Vault XP percentage of total XP
 D = Non-vault monster count
 E = Vault monster count
 F = Vault count percentage of total count
                 A         B        C        D         E       F
            +---------+---------+-------+---------+---------+-------
      Total |      11 |       0 |   0.0 |       6 |       0 |   0.0
            +---------+---------+-------+---------+---------+-------
        D:1 |      11 |       0 |   0.0 |       6 |       0 |   0.0
            +---------+---------+-------+---------+---------+-------
